 Dungeon Crawl Stone Soup version 0.31-a0-177-g4aa6249778 (webtiles) character file.

Game seed: 11726743746268229395

3999 qw the Cleaver (level 10, -2/64 HPs)
             Began as a Gargoyle Fighter on June 18, 2023.
             Slain by a yak (9 damage)
             ... on level 9 of the Dungeon.
             The game lasted 00:03:21 (7243 turns).

qw the Cleaver (Gargoyle Fighter)                   Turns: 7243, Time: 00:03:22

Health: -2/64      AC: 22    Str: 37    XL:     10   Next: 23%
Magic:  1/1        EV: 10    Int:  8    God:
Gold:   103        SH:  4    Dex:  8    Spells: 9/9 levels left

rFire   . . .        p - +1 war axe "Bomurpha" {freeze, rElec Str+3}
rCold   . . .        c - +0 buckler
rNeg    + + .        g - +0 chain mail
rPois   inf          (no helmet)
rElec   +            t - +2 cloak of Fedhas's Respect {rElec MP-9 Str+4}
rCorr   +            r - +1 pair of gloves "Zeanid" {rN+ rCorr Str+2}
SInv    +            (no boots)
Will    .....        (no amulet) Stlth
                     m - ring of see invisible
HPRegen 0.30/turn    (no ring)
MPRegen 0.07/turn

%: no passive effects
@: about to teleport
A: sickness immunity, AC +7, negative energy resistance 1, electricity
resistance, torment resistance 1, petrification resistance, strong 1
a: no special abilities


You were on level 9 of the Dungeon.
You visited 2 branches of the dungeon, and saw 10 of its levels.

You collected 619 gold pieces.
You spent 516 gold pieces at shops.


Innate Abilities, Weirdness & Mutations

You are immune to sickness and miasma.
Your stone body is resilient. (AC +7)
You are immune to poison.
You resist negative energy. (rN+)
You are resistant to electric shocks. (rElec)
You are resistant to unholy torment.
You are immune to petrification.
Your muscles are strong. (Str +4, Int/Dex -1)


   Skills:
 - Level 8.0 Fighting
 + Level 10.4 Axes
 - Level 1.3 Throwing
 - Level 5.4 Armour
 - Level 2.3 Dodging
 - Level 5.0 Shields


You had 9 spell levels left.
You didn't know any spells.
Your spell library was empty.

Inventory:

Hand Weapons
 h - a +0 flail
 l - a +0 war axe of freezing
 p - the +1 war axe "Bomurpha" (weapon) {freeze, rElec Str+3}
   (You found it on level 5 of the Dungeon)

   Str:       It affects your strength (+3).
   rElec:     It insulates you from electricity.
Missiles
 e - 4 boomerangs (quivered)
Armour
 c - a +0 buckler (worn)
 g - a +0 chain mail (worn)
 j - a scarf of resistance
 n - a +0 helmet
 r - the +1 pair of gloves "Zeanid" (worn) {rN+ rCorr Str+2}
   (You found it on level 8 of the Dungeon)

   Str:       It affects your strength (+2).
   rN:        It protects you from negative energy.
   rCorr:     It protects you from acid and corrosion.
 t - the +2 cloak of Fedhas's Respect (worn) {rElec MP-9 Str+4}
   (You found it on level 8 of the Dungeon)

   Str:       It affects your strength (+4).
   rElec:     It insulates you from electricity.
   MP:        It affects your magic capacity (-9).
 v - the +1 pair of gloves of Blue Skies {rN++ Str+6 Int-5}
   (You bought it in a shop on level 9 of the Dungeon)

   Str:       It affects your strength (+6).
   Int:       It affects your intelligence (-5).
   rN:        It greatly protects you from negative energy.
Jewellery
 m - a ring of see invisible (left hand)
Wands
 u - a wand of digging (7)
Scrolls
 a - a scroll of identify
 i - 4 scrolls of teleportation
 s - a scroll of enchant weapon
Potions
 b - a potion of enlightenment
 d - a potion of might
 f - 6 potions of curing
 k - a potion of attraction
 o - 2 potions of mutation
 q - a potion of heal wounds

Dungeon Overview and Level Annotations

Branches:
Dungeon (9/15)             Temple (1/1) D:4
   Lair: D:8-11         Orc: D:9-12

Altars:
Ashenzari
Cheibriados
Dithmenos
Elyvilon
Fedhas
Gozag
Hepliaklqana
Kikubaaqudgha
Makhleb
Nemelex Xobeh
Qazlal
Ru
Sif Muna
Trog
Uskayaw
Vehumet
Wu Jian
Xom
Yredelemnul
Zin
The Shining One

Shops:
D:4 =   D:9 [


Message History

The yak gores you but does no damage. You block the yak's attack.
You hit the yak. You freeze the yak.
The yak is lightly wounded.
You completely miss the yak. You slash the yak! You freeze the yak.
The yak gores you but does no damage. The yak barely misses you.
You block the yak's attack.
You slice the yak!! You freeze the yak.
You kill the yak!
You hit the yak. You freeze the yak. You hit the yak but do no damage.
The yak closely misses you. The yak gores you!
An ice beast comes into view.
Your Shields skill increases to level 5!
You closely miss the yak.
The yak is lightly wounded.
You slash the yak! You freeze the yak. You barely miss the yak.
The yak gores you but does no damage. The yak gores you. x2
You closely miss the yak.
The yak is heavily wounded.
You slash the yak! You freeze the yak. You slash the yak! You freeze the yak.
The yak completely misses you. The yak gores you! x2
You barely miss the yak.
The yak is heavily wounded.
You hit the yak but do no damage. You slash the yak! You freeze the yak.
The yak gores you. The yak gores you but does no damage.
You block the yak's attack.
You slash the yak! You freeze the yak.
The yak is almost dead.
You hit the yak but do no damage. x2
The yak gores you! The yak barely misses you.
The yak gores you but does no damage.
You hit the yak. You freeze the yak.
The yak is almost dead.
You slash the yak! You freeze the yak. You hit the yak. You freeze the yak.
You block the yak's attack. The yak gores you but does no damage.
The yak gores you!
7243 ||| READING 5 scrolls of teleportation.
As you read the scroll of teleportation, it crumbles to dust.
You feel strangely unstable. The yak gores you!
You die...

#..#7.77~7777..######.#.#.##
#.77777P~777777.....###.....
#.P7~~~~..~P7PP.....#
#......
#..~.~~~~~.~~~......#
#.......
##7777~~...~~.7.....# #...
... 77P~777777.....#
77~P777.......#
7)77.........#
7~P7###@######


P.P7.kYYYYYh."# ..#...YYYYYh..# .......YhhYY..# ..##............ ..............
............~.. ..)##.......... You could see 2 polar bears, 11 yaks, a rime
drake, 2 ice beasts and 2 wolves.

Vanquished Creatures
  A two-headed ogre (D:8)
  Pikel (D:8)
  7 yaks
  A wraith (D:9)
  Menkaure (D:4)
  A water moccasin (D:6)
  An orc warrior (D:9)
  An ice beast (D:8)
  A sky beast (D:7)
  A centaur (D:8)
  3 lemures (D:8)
  A scorpion (D:4)
  3 bullfrogs
  A gnoll sergeant (D:7)
  3 howler monkeys
  4 orc priests
  A jelly (D:6)
  3 hounds
  9 orc wizards
  Natasha (twice) (D:3)
  A sleepcap (D:4)
  An iguana (D:6)
  A mummy (D:5)
  10 gnolls
  7 adders
  A white imp (D:6)
  2 ufetubi (D:6)
  3 dart slugs
  29 orcs
  7 bats
  8 endoplasms
  3 giant cockroaches
  7 goblins
  5 hobgoblins
  10 jackals
  5 kobolds
  2 quokkas
  7 ball pythons
  6 frilled lizards
  9 rats
170 creatures vanquished.

Notes
Turn   | Place    | Note
-------+----------+-------------------------------------------
     0 | D:1      | qw the Gargoyle Fighter began the quest for the Orb.
     0 | D:1      | Reached XP level 1. HP: 14/14 MP: 1/1
     0 | D:1      | 0 ||| qw: Version: 0.3-a-7-ge0c9b40
     0 | D:1      | 0 ||| qw: Game counter: 747
     0 | D:1      | 0 ||| qw: Always use a shield: true
     0 | D:1      | 0 ||| qw: God list: Okawaru
     0 | D:1      | 0 ||| qw: Allow faded altars: false
     0 | D:1      | 0 ||| qw: Do Orc after D:15 true
     0 | D:1      | 0 ||| qw: Do second Lair branch before Depths: true
     0 | D:1      | 0 ||| qw: Lair rune preference: random
     0 | D:1      | 0 ||| qw: Plans: Normal, Zot:1-4, Slime:5, God:TSO, Crypt,
                  | Tomb, Abyss, Pan, Hells, Win
     0 | D:1      | 0 ||| PLANNING D:1-11
    71 | D:1      | Reached skill level 2 in Axes
    87 | D:1      | Reached XP level 2. HP: 19/19 MP: 2/2
   113 | D:1      | 113 ||| Stepping ~*~*~tactically~*~*~ (stealth).
   114 | D:1      | 114 ||| Stepping ~*~*~tactically~*~*~ (stealth).
   161 | D:1      | 161 ||| Stepping ~*~*~tactically~*~*~ (hiding).
   162 | D:1      | 162 ||| Stepping ~*~*~tactically~*~*~ (hiding).
   164 | D:1      | 164 ||| Stepping ~*~*~tactically~*~*~ (hiding).
   269 | D:1      | Reached skill level 3 in Axes
   320 | D:1      | Reached XP level 3. HP: 21/23 MP: 3/3
   371 | D:1      | Found a faded altar of an unknown god.
   757 | D:1      | 757 ||| DROPPING orb of wrath.
   758 | D:1      | 758 ||| UPGRADING to scarf of resistance.
   763 | D:1      | 763 ||| READING 2 scrolls labelled LEYTEL KOFRO.
   764 | D:1      | 764 ||| READING scroll labelled DUELAI WUKOTANK.
   765 | D:1      | 765 ||| DRINKING 2 cyan potions.
   766 | D:1      | 766 ||| DROPPING potion of invisibility.
   835 | D:2      | 835 ||| Stepping ~*~*~tactically~*~*~ (stealth).
   837 | D:2      | 837 ||| Stepping ~*~*~tactically~*~*~ (hiding).
   953 | D:2      | 953 ||| DROPPING +0 club.
  1087 | D:2      | 1087 ||| FLEEEEING.
  1088 | D:2      | 1088 ||| FLEEEEING.
  1116 | D:2      | Reached XP level 4. HP: 13/28 MP: 4/4
  1123 | D:2      | 1123 ||| FLEEEEING.
  1124 | D:2      | 1124 ||| FLEEEEING.
  1125 | D:2      | 1125 ||| FLEEEEING.
  1163 | D:2      | Reached skill level 4 in Axes
  1241 | D:2      | 1241 ||| Stepping ~*~*~tactically~*~*~ (stealth).
  1609 | D:2      | 1609 ||| DROPPING +0 mace.
  1644 | D:2      | Reached XP level 5. HP: 27/32 MP: 5/5
  1704 | D:2      | 1704 ||| UPGRADING to +0 chain mail.
  1714 | D:2      | 1714 ||| DROPPING +0 scale mail.
  1747 | D:3      | Found a hazy altar of Hepliaklqana.
  1756 | D:3      | Found a broken altar of Ashenzari.
  1758 | D:3      | Found a sacrificial altar of Ru.
  1797 | D:3      | 1797 ||| Stepping ~*~*~tactically~*~*~ (stealth).
  2017 | D:3      | 2017 ||| Stepping ~*~*~tactically~*~*~ (hiding).
  2109 | D:3      | Found a shimmering altar of Xom.
  2167 | D:3      | Noticed Natasha
  2174 | D:3      | Killed Natasha
  2175 | D:3      | Reached skill level 5 in Axes
  2420 | D:3      | Noticed Natasha
  2422 | D:3      | 2422 ||| Stepping ~*~*~tactically~*~*~ (hiding).
  2424 | D:3      | 2424 ||| Stepping ~*~*~tactically~*~*~ (hiding).
  2433 | D:3      | Killed Natasha
  2558 | D:3      | 2558 ||| DROPPING amulet of magic regeneration.
  2559 | D:3      | 2559 ||| READING scroll labelled JUSINU TIEM OFRA.
  2560 | D:3      | 2560 ||| READING scroll labelled ASANOE XARGH.
  2561 | D:3      | 2561 ||| READING scroll labelled IMOTUE ZALL.
  2654 | D:4      | Reached XP level 6. HP: 39/39 MP: 6/6
  2726 | D:4      | Found Ocvarrig's Jewellery Shop.
  2798 | D:4      | 2798 ||| SHOPLISTING +4 ring of slaying (936 gold, have
                  | 261).
  2798 | D:4      | 2798 ||| SHOPLISTING +6 ring of dexterity (432 gold, have
                  | 261).
  2798 | D:4      | 2798 ||| SHOPLISTING amulet of the acrobat (360 gold, have
                  | 261).
  2798 | D:4      | 2798 ||| SHOPLISTING ring of protection from cold (300
                  | gold, have 261).
  2798 | D:4      | 2798 ||| BUYING ring of see invisible (180 gold).
  2798 | D:4      | Bought a ring of see invisible for 180 gold pieces
  2798 | D:4      | 2798 ||| SHOPLISTING ring of see invisible (180 gold, have
                  | 81).
  3043 | D:4      | Reached skill level 6 in Axes
  3048 | D:4      | Reached XP level 7. HP: 32/44 MP: 7/7
  3145 | D:4      | Noticed Menkaure
  3146 | D:4      | 3146 ||| FLEEEEING.
  3159 | D:4      | 3159 ||| FLEEEEING.
  3161 | D:4      | 3161 ||| FLEEEEING.
  3170 | D:4      | Killed Menkaure
  3276 | D:4      | Found a staircase to the Ecumenical Temple.
  3277 | D:4      | 3277 ||| PLANNING TEMPLE
  3277 | D:4      | 3277 ||| UPGRADING to +0 pair of gloves.
  3282 | D:4      | 3282 ||| UPGRADING to ring of see invisible.
  3283 | D:4      | 3283 ||| READING 2 scrolls labelled LEEREB QIGGYE.
  3288 | D:4      | 3288 ||| READING scroll labelled OPOW TIXKA.
  3289 | D:4      | 3289 ||| READING scroll labelled BOLIRU TUSHIEC.
  3290 | D:4      | 3290 ||| READING 2 scrolls labelled FAX FYUTILAI.
  3291 | D:4      | 3291 ||| DRINKING 5 murky dark potions.
  3292 | D:4      | 3292 ||| DROPPING 4 potions of brilliance.
  3293 | D:4      | 3293 ||| DROPPING scroll of butterflies.
  3331 | Temple   | Entered the Ecumenical Temple
  3493 | Temple   | 3493 ||| PLANNING D:1-11
  3550 | D:5      | Entered Level 5 of the Dungeon
  3629 | D:5      | 3629 ||| Stepping ~*~*~tactically~*~*~ (stealth).
  3633 | D:5      | 3633 ||| Stepping ~*~*~tactically~*~*~ (stealth).
  4079 | D:5      | Found a snail-covered altar of Cheibriados.
  4194 | D:5      | Identified the +1 war axe "Bomurpha" {freeze, rElec Str+3}
  4196 | D:5      | 4196 ||| SWAPPING to +1 war axe "Bomurpha" {freeze, rElec
                  | Str+3}.
  4288 | D:5      | 4288 ||| READING scroll labelled ZUQA VABEENTE.
  4289 | D:5      | 4289 ||| DRINKING 2 amethyst potions.
  4290 | D:5      | 4290 ||| DRINKING 2 bubbling blue potions.
  4290 | D:5      | Gained mutation: Your muscles are strong. (Str +4, Int/Dex
                  | -1) [potion of mutation]
  4552 | D:6      | Reached skill level 7 in Axes
  4552 | D:6      | 4552 ||| Stepping ~*~*~tactically~*~*~ (hiding).
  4609 | D:6      | Reached XP level 8. HP: 48/48 MP: 8/8
  4912 | D:6      | Reached skill level 1 in Throwing
  5267 | D:6      | 5267 ||| READING scroll labelled NAGRIAT HOXO.
  5272 | D:7      | 5272 ||| Stepping ~*~*~tactically~*~*~ (hiding).
  5274 | D:7      | 5274 ||| Stepping ~*~*~tactically~*~*~ (hiding).
  5275 | D:7      | 5275 ||| Stepping ~*~*~tactically~*~*~ (hiding).
  5424 | D:7      | 5424 ||| Stepping ~*~*~tactically~*~*~ (stealth).
  5442 | D:7      | 5442 ||| Stepping ~*~*~tactically~*~*~ (stealth).
  5695 | D:7      | Reached skill level 8 in Axes
  5700 | D:7      | Reached skill level 6 in Fighting
  5878 | D:7      | 5878 ||| FLEEEEING.
  5879 | D:7      | 5879 ||| FLEEEEING.
  6233 | D:7      | 6233 ||| READING scroll labelled YHEN SUD HEA.
  6234 | D:7      | 6234 ||| DRINKING 5 brown potions.
  6295 | D:8      | Noticed Pikel
  6303 | D:8      | Noticed a yak
  6305 | D:8      | Noticed a yak
  6307 | D:8      | Noticed a yak
  6313 | D:8      | Killed Pikel
  6314 | D:8      | Reached skill level 9 in Axes
  6314 | D:8      | Reached XP level 9. HP: 15/55 MP: 9/9
  6317 | D:8      | HP: 7/55 [yak (9)]
  6318 | D:8      | 6318 ||| READING 5 scrolls of teleportation.
  6345 | D:8      | 6345 ||| Stepping ~*~*~tactically~*~*~ (stealth).
  6356 | D:8      | 6356 ||| Stepping ~*~*~tactically~*~*~ (stealth).
  6356 | D:8      | Found a flagged portal.
  6363 | D:8      | 6363 ||| Stepping ~*~*~tactically~*~*~ (stealth).
  6364 | D:8      | 6364 ||| Stepping ~*~*~tactically~*~*~ (stealth).
  6365 | D:8      | 6365 ||| Stepping ~*~*~tactically~*~*~ (stealth).
  6398 | D:8      | 6398 ||| Stepping ~*~*~tactically~*~*~ (stealth).
  6398 | D:8      | Found a bloodstained altar of Trog.
  6508 | D:8      | Identified the +1 pair of gloves "Zeanid" {rN+ rCorr Str+2}
  6514 | D:8      | 6514 ||| Stepping ~*~*~tactically~*~*~ (hiding).
  6529 | D:8      | 6529 ||| Stepping ~*~*~tactically~*~*~ (stealth).
  6530 | D:8      | 6530 ||| Stepping ~*~*~tactically~*~*~ (hiding).
  6638 | D:8      | 6638 ||| Stepping ~*~*~tactically~*~*~ (hiding).
  6709 | D:8      | Identified the +2 cloak of Fedhas's Respect {rElec MP-9
                  | Str+4}
  6792 | D:8      | Noticed a two-headed ogre
  6800 | D:8      | Killed a two-headed ogre
  6801 | D:8      | Reached skill level 10 in Axes
  7111 | D:8      | 7111 ||| UPGRADING to +1 pair of gloves "Zeanid" {rN+ rCorr
                  | Str+2}.
  7121 | D:8      | 7121 ||| DROPPING +0 pair of gloves.
  7122 | D:8      | 7122 ||| UPGRADING to +2 cloak of Fedhas's Respect {rElec
                  | MP-9 Str+4}.
  7132 | D:8      | 7132 ||| READING scroll labelled URA RIG VYWOBU.
  7133 | D:8      | 7133 ||| DRINKING 2 fizzy dark potions.
  7134 | D:8      | 7134 ||| READING 3 scrolls of identify.
  7134 | D:8      | 7134 ||| IDENTIFYING ruby potion
  7135 | D:8      | 7135 ||| READING 2 scrolls of identify.
  7135 | D:8      | 7135 ||| IDENTIFYING fuming clear potion
  7136 | D:8      | 7136 ||| DROPPING potion of ambrosia.
  7158 | D:9      | Reached XP level 10. HP: 63/63 MP: 1/10
  7178 | D:9      | Found Sood's Antique Armour Emporium.
  7188 | D:9      | 7188 ||| BUYING helmet (108 gold).
  7188 | D:9      | Bought a helmet for 108 gold pieces
  7188 | D:9      | 7188 ||| BUYING pair of heavily runed gloves (228 gold).
  7188 | D:9      | Bought a pair of heavily runed gloves for 228 gold pieces
  7188 | D:9      | Identified the +1 pair of gloves of Blue Skies {rN++ Str+6
                  | Int-5} (You bought it in a shop on level 9 of the Dungeon)
  7188 | D:9      | 7188 ||| SHOPLISTING pair of warped gloves (228 gold, have
                  | 103).
  7209 | D:9      | 7209 ||| Stepping ~*~*~tactically~*~*~ (water).
  7242 | D:9      | HP: 7/64 [yak (12)]
  7243 | D:9      | 7243 ||| READING 5 scrolls of teleportation.
  7243 | D:9      | Slain by a yak

Levels and vault maps discovered:
D:1:      matt_arrival_spirals, layout_basic, ebering_ecumenical_altar_petrified
D:2:      layout_loops_ring
D:3:      layout_loops_ring, minitemple, amcnicky_altar_gilded, uniq_natasha
D:4:      layout_basic, temple_doors_ab, serial_shops,
          nicolae_shop_tiny_statue_garden, uniq_menkaure
D:5:      layout_loops_ring, slow_altar_2
D:6:      layout_gridville
D:7:      layout_basic
D:8:      layout_rooms, nicolae_overflow_crystal_walls, enter_bailey_2,
          dk_vineyard_3, uniq_pikel
D:9:      layout_basic, okawaru_gym_becter, hellmonk_lair_entry_icy,
          orc_david_3, serial_bayou, serial_bayou_lagoon_b,
          serial_bayou_crossing, serial_bayou_lagoon_a, serial_shops, shop,
          roderic_serpentine_path, st_stairs_12
Temple:   bh_familiar_temple

Skill      XL: |  1  2  3  4  5  6  7  8  9 10 |
---------------+-------------------------------+-----
Axes           | 2 3 4 5 6 7 9 10 | 10.4
Fighting       | 4 6 7 8 |  8.0
Dodging        | 2 |  2.3
Throwing       | 1 |  1.3
Shields        | 4 5 |  5.0
Armour         | 4 5 |  5.4

Action                     |  1- 3 |  4- 6 |  7- 9 | 10-12 || total
---------------------------+-------+-------+-------+-------++-------
  Melee: War axe           |    92 |   170 |   203 |    17 ||   482
  Throw: Boomerang         |       |       |    61 |     4 ||    65
    Use: Scroll            |     2 |     3 |    11 |     1 ||    17
         Potion            |     1 |       |     5 |       ||     6
 Armour: Scale mail        |    36 |    17 |       |       ||    53
         Chain mail        |       |    76 |   108 |    14 ||   198
  Dodge: Dodged            |    40 |    65 |    72 |     9 ||   186
  Block: Buckler           |    14 |    32 |    29 |     5 ||    80

Table legend:
 A = Non-vault XP
 B = Vault XP
 C = Vault XP percentage of total XP
 D = Non-vault monster count
 E = Vault monster count
 F = Vault count percentage of total count
                 A         B        C        D         E       F
            +---------+---------+-------+---------+---------+-------
      Total |    4707 |    1006 |  17.6 |     162 |       5 |   3.0
            +---------+---------+-------+---------+---------+-------
        D:1 |      49 |       0 |   0.0 |      27 |       0 |   0.0
        D:2 |     124 |       0 |   0.0 |      25 |       0 |   0.0
        D:3 |      71 |      36 |  33.6 |      22 |       1 |   4.3
        D:4 |     374 |     172 |  31.5 |      19 |       1 |   5.0
        D:5 |     171 |      18 |   9.5 |      10 |       1 |   9.1
        D:6 |     477 |       0 |   0.0 |      17 |       0 |   0.0
        D:7 |     570 |       0 |   0.0 |      18 |       0 |   0.0
        D:8 |    1869 |     586 |  23.9 |      17 |       1 |   5.6
        D:9 |    1002 |     194 |  16.2 |       7 |       1 |  12.5
            +---------+---------+-------+---------+---------+-------
